 Dungeon Crawl Stone Soup version 0.21.1-1-g345015fe64 (webtiles) character file.

113 RaHiT the Ducker (level 4, 0/23 HPs)
             Began as a Spriggan Berserker on Mar 25, 2018.
             Was a Believer of Trog.
             Slain by a jelly (3 damage)
             ... on level 2 of the Dungeon.
             The game lasted 00:10:09 (1572 turns).

RaHiT the Ducker (Spriggan Berserker)               Turns: 1572, Time: 00:10:10

Health: 0/23       AC:  2    Str: 13    XL:     4   Next: 65%
Magic:  5/5        EV: 21    Int:  8    God:    Trog [**....]
Gold:   94         SH:  0    Dex: 16    Spells: 3/3 levels left

rFire    . . .     SeeInvis +   a - +0 spear
rCold    . . .     Gourm    .   (shield restricted)
rNeg     . . .     Faith    .   b - +0 animal skin
rPois    .         Spirit   .   (helmet restricted)
rElec    .         Reflect  .   (no cloak)
rCorr    .         Harm     .   (gloves unavailable)
MR       .....                  (boots unavailable)
Stlth    ++........             (no amulet)
HPRegen  0.07/turn              (no ring)
MPRegen  0.09/turn              (no ring)

@: very quick
A: very small, unfitting armour, see invisible, herbivore, speed 3, slow
metabolism 2
a: Berserk, Trog's Hand, Burn Spellbooks, Renounce Religion


You were on level 2 of the Dungeon.
You worshipped Trog.
Trog was pleased with you.
You were not hungry.

You visited 1 branch of the dungeon, and saw 2 of its levels.

You collected 94 gold pieces.

Inventory:

Hand Weapons
 a - a +0 spear (weapon)
Missiles
 k - a tomahawk (quivered)
Armour
 b - a +0 animal skin (worn)
Jewellery
 f - an uncursed ring of see invisible {unknown}
Scrolls
 d - 3 scrolls of teleportation {unknown}
 e - 3 scrolls of remove curse {unknown}
 h - a scroll of enchant weapon {unknown}
Potions
 g - 2 potions of curing {unknown}
 i - a potion of heal wounds {unknown}
 j - a potion of haste {unknown}
Comestibles
 c - 5 rations


   Skills:
 + Level 2.8 Fighting
 + Level 2.6 Polearms
 + Level 1.4 Throwing
 * Level 5.7 Dodging
 + Level 2.4 Stealth


You had 3 spell levels left.
You didn't know any spells.

Dungeon Overview and Level Annotations

Branches:
Dungeon (2/15)

Altars:
Makhleb


Innate Abilities, Weirdness & Mutations

You are very small and have problems with some larger weapons.
You are too small for most types of armour.
You have supernaturally acute eyesight. (SInv)
You are a herbivore.
You cover ground extremely quickly.
You need consume almost no food.


Message History

Press: ? - help, Shift-Dir - straight line, f - jelly
Aim: a jelly (hasn't noticed you)
You throw a tomahawk. The tomahawk barely misses the jelly.
The jelly quivers.
Throwing (i - inventory):
k - 3 tomahawks (quivered)
Press: ? - help, Shift-Dir - straight line, f/p - jelly
Aim: a jelly You throw a tomahawk.
The tomahawk hits the jelly.
The jelly is lightly wounded.
Throwing (i - inventory):
k - 2 tomahawks (quivered)
Press: ? - help, Shift-Dir - straight line, f/p - jelly
Aim: a jelly (lightly wounded)
You throw a tomahawk. The tomahawk hits the jelly.
The jelly is heavily wounded.
You hit the jelly.
Your hands burn!
The jelly is severely wounded.
The jelly hits you.
You are splashed with acid!
The acid burns!
* * * LOW HITPOINT WARNING * * *
The jelly hits you.
You die...

#......(....#.(#####...........##
..(....(.)....)..)...###########
....o....##..###.....### #######
......#..##..#######(..####......
....#)....[...######..#.##.......
.####.##.##........(.##.'........
. #..##..##......(###..'........
#.####..#.....J......'......#' #)#
###(#....@..)....##.....#. # ##.#
#..o.......#...#.###.(..#J
###..###.#####...##>...## #######
#...##..(### #...)...#..#########
#..........# ##..###).#.##.....##
[รท.#.......####...#.o.#.##..(....
..##.......#......#.#............
..##.........##...#.#....#......#
...........###..###.###.####.####


You could see a jelly and an orc priest.

Vanquished Creatures
  A jelly (D:2)
  5 oozes
  2 dart slugs (D:1)
  A leopard gecko (D:1)
  3 orcs
  4 bats
  2 giant cockroaches
  6 goblins
  4 hobgoblins
  4 jackals
  3 quokkas (D:2)
  2 ball pythons
  4 frilled lizards
  13 kobolds
  2 rats
56 creatures vanquished.

Vanquished Creatures (others)
  A quokka (D:2)
  A fungus (D:2)
  10 toadstools (D:2)
12 creatures vanquished.

Grand Total: 68 creatures vanquished

Notes
Turn   | Place    | Note
-------+----------+-------------------------------------------
     0 | D:1      | RaHiT the Spriggan Berserker began the quest for the Orb.
     0 | D:1      | Reached XP level 1. HP: 11/11 MP: 2/2
   200 | D:1      | Reached skill level 1 in Stealth
   201 | D:1      | Reached XP level 2. HP: 14/16 MP: 3/3
   651 | D:1      | Reached skill level 5 in Dodging
   690 | D:1      | Reached XP level 3. HP: 19/19 MP: 4/4
   821 | D:2      | Found a burning altar of Makhleb.
   825 | D:2      | Reached ** piety under Trog
   831 | D:2      | Noticed a blizzard demon
   870 | D:2      | Reached skill level 1 in Throwing
  1301 | D:2      | Reached XP level 4. HP: 20/23 MP: 5/5
  1572 | D:2      | Slain by a jelly

Skill      XL: |  1  2  3 |
---------------+----------+-----
Stealth        | 1 2 |  2.4
Dodging        | 5 |  5.7
Throwing       | 1 |  1.4
Fighting       | |  2.8
Polearms       | |  2.6

Action                   |  1- 3 |  4- 6 || total
-------------------------+-------+-------++-------
Melee: Spear             |   215 |    49 ||   264
Throw: Tomahawk          |       |     9 ||     9
 Stab: Sleeping          |     6 |       ||     6
Armor: Animal skin       |    11 |     1 ||    12
Dodge: Dodged            |    94 |    24 ||   118
